 Dungeon Crawl Stone Soup version 0.19-a0 (webtiles) character file.

175 Zhenya25pyc the Skirmisher (level 5, -9/34 HPs)
             Began as a Gargoyle Fighter on Apr 27, 2016.
             Killed by nerve-wracking pain
             ... invoked by Grinder
              (13 damage)
             ... on level 3 of the Dungeon.
             The game lasted 00:03:30 (2092 turns).

Zhenya25pyc the Skirmisher (Gargoyle Fighter)       Turns: 2092, Time: 00:03:31

Health: -9/34      AC: 17    Str: 21    XL:     5   Next: 55%
Magic:  5/5        EV:  4    Int:  8    God:
Gold:   75         SH:  9    Dex:  9    Spells: 0 memorised, 4 levels left

rFire  . . .     SeeInvis .     a - +0 flail
rCold  . . .     Gourm    +     r - +0 plate armour
rNeg   + . .     Faith    .     c - +0 shield
rPois  ∞         Spirit   .     (no helmet)
rElec  +         Dismiss  .     (no cloak)
rCorr  .         Reflect  .     (no gloves)
SustAt .         Harm     .     h - +0 pair of boots
MR     .....                    i - amulet of the gourmand
Stlth  ..........               (no ring)
                                (no ring)

@: not resistant to hostile enchantments, extremely unstealthy
A: negative energy resistance 1, electricity resistance, unbreathing,
petrification resistance, rot immunity, AC +4
a: no special abilities


You were on level 3 of the Dungeon.
You were not hungry.

You visited 1 branch of the dungeon, and saw 3 of its levels.

You collected 75 gold pieces.

Inventory:

Hand Weapons
 a - a +0 flail (weapon)
Armour
 c - a +0 shield (worn)
 h - a +0 pair of boots (worn)
 r - a +0 plate armour (worn)
Jewellery
 i - an amulet of the gourmand (around neck)
Wands
 w - a wand of teleportation (3/9)
Scrolls
 g - 2 scrolls of amnesia {unknown}
 o - a scroll of fog {unknown}
 p - 4 scrolls of remove curse {unknown}
 s - a scroll of random uselessness {unknown}
Potions
 b - a potion of cure mutation {unknown}
 d - 2 potions of might
 e - a potion of curing
 l - a potion of degeneration {unknown}
 n - a potion of haste {unknown}
 q - a potion of berserk rage {unknown}
 t - a potion of flight {unknown}
 u - a potion of lignification {unknown}
Comestibles
 f - 5 bread rations
 j - a slice of pizza
 k - a royal jelly
 m - 2 beef jerkies
 v - a meat ration


   Skills:
 + Level 4.3 Fighting
 * Level 3.5 Maces & Flails
 + Level 4.1 Armour
 + Level 4.2 Shields


You had 4 spell levels left.
You didn't know any spells.

Dungeon Overview and Level Annotations

Branches:
Dungeon (3/15)

Altars:
Gozag
Zin

Annotations:
D:3 Grinder


Innate Abilities, Weirdness & Mutations

You are resistant to torment.
Your stone body is resilient (AC +4).
You are immune to poison.
You resist negative energy.
You are resistant to electric shocks.
You can survive without breathing.
You are immune to petrification.
You are immune to rotting.


Message History

Grinder is heavily wounded.
The goblin hits you but does no damage. Grinder hits you but does no damage.
You thump Grinder!
Grinder is severely wounded.
The goblin hits you but does no damage.
Grinder blinks!
You block the goblin's attack.
Grinder blinks!
You thump Grinder!
Grinder is almost dead.
The goblin hits you but does no damage. You block Grinder's attack.
Grinder blinks!
The goblin hits you but does no damage.
Grinder blinks!
You closely miss the goblin. The goblin hits you but does no damage.
Your shield and plate armour prevent you from hitting the goblin.
You block the goblin's attack.
Your shield and plate armour prevent you from hitting the goblin.
The goblin hits you but does no damage.
You completely miss the goblin. Grinder gestures at you.
Pain shoots through your body!
You die...

### ######### #.......#
##.......#####
(...........)#
##...........##########
.........)...(..():(.(#
######.###...†>..#######.##
.........g@......'.........
###.....##......#####.....
####.#.#.##...#### #.....
..#...#.##....# #.....
#.#.###.##5...# #.....
######.#.# #..'....# #.....
........## ### ....# #.....
.######..## ....# #.....
#...# #.....


You could see Grinder and a goblin.

Vanquished Creatures
  Jessica (D:2)
  Robin (D:2)
  4 adders (D:3)
  2 oozes (D:2)
  2 worms
  4 dart slugs
  A giant gecko (D:1)
  4 orcs (D:3)
  4 bats
  3 giant cockroaches
  13 goblins
  12 hobgoblins
  A quokka (D:2)
  6 giant newts
  10 kobolds
  9 rats
77 creatures vanquished.

Notes
Turn   | Place    | Note
--------------------------------------------------------------
     0 | D:1      | Zhenya25pyc the Gargoyle Fighter began the quest for the Orb.
     0 | D:1      | Reached XP level 1. HP: 14/14 MP: 1/1
    62 | D:1      | Reached XP level 2. HP: 19/19 MP: 2/2
   226 | D:1      | Reached XP level 3. HP: 13/24 MP: 3/3
   667 | D:2      | Noticed Jessica
   679 | D:2      | Killed Jessica
   679 | D:2      | Reached XP level 4. HP: 14/29 MP: 4/4
  1089 | D:2      | Found an opulent altar of Gozag.
  1298 | D:2      | Noticed Robin
  1339 | D:2      | Killed Robin
  1532 | D:2      | Found a glowing silver altar of Zin.
  1532 | D:2      | Noticed an angel
  1639 | D:3      | Reached XP level 5. HP: 25/33 MP: 5/5
  2062 | D:3      | Noticed Grinder
  2092 | D:3      | Killed from afar by Grinder

Vault maps used:
D:1:      minmay_arrival_cross, st_stairs_6, nrook_mini_backslash
D:2:      grunt_gozag_statues, zin_angel, first_bread, uniq_robin, uniq_jessica
D:3:      uniq_grinder, uniq_crazy_yiuf_cottage, uniq_terence

Skill      XL: |  1  2  3  4 |
---------------+-------------+-----
Fighting       | 4 |  4.3
Maces & Flails | 3 |  3.5
Armour         | 4 |  4.1
Shields        | 4 |  4.2

Action                   |  1- 3 |  4- 6 || total
-------------------------+-------+-------++-------
Melee: Flail             |    98 |   257 ||   355
  Eat: Chunk             |       |     5 ||     5
Armor: Scale mail        |    85 |    23 ||   108
       Plate armour      |       |   171 ||   171
Dodge: Dodged            |    48 |    59 ||   107
Block: Shield            |    67 |   147 ||   214
